 Dungeon Crawl Stone Soup version 0.20-a0-550-gf70bbbc (webtiles) character file.

30 Krakonus1 the Ducker (level 3, -31/17 HPs)
             Began as a Felid Chaos Knight on Feb 2, 2017.
             Killed from afar by a goblin (40 damage)
             ... with an exploding inner flame
             ... hexed by the player character
             ... on level 2 of the Dungeon.
             The game lasted 00:03:59 (931 turns).

Krakonus1 the Ducker (Felid Chaos Knight)            Turns: 931, Time: 00:04:01

Health: -31/17     AC:  6    Str:  9    XL:     3   Next: 5%
Magic:  4/4        EV: 19    Int: 13    God:    Xom [..*...]
Gold:   8          SH:  0    Dex: 15    Spells: 2/2 levels left
                                        Lives:  0   Deaths: 0

rFire    . . .     SeeInvis +     - Unarmed
rCold    . . .     Gourm    .   (armour unavailable)
rNeg     . . .     Faith    .   (shield unavailable)
rPois    .         Spirit   .   (helmet unavailable)
rElec    .         Reflect  .   (cloak unavailable)
rCorr    .         Harm     .   (gloves unavailable)
MR       .....                  (boots unavailable)
Stlth    ++........             (no amulet)
Regen    0.1/turn               (no ring)
                                b - +5 ring of protection

@: quick
A: no armour, no weapons or thrown items, stealth, claws 1, fangs 3, see
invisible, carnivore 3, speed 1, shaggy fur 1, slow metabolism 1, sharp paws
a: Renounce Religion


You were on level 2 of the Dungeon.
You worshipped Xom.
You were a toy of Xom.
You were completely stuffed.

You visited 1 branch of the dungeon, and saw 2 of its levels.

You collected 8 gold pieces.

Inventory:

Jewellery
 b - a +5 ring of protection (left paw)
Scrolls
 c - a scroll of identify
Potions
 e - 2 potions of lignification
Comestibles
 a - a meat ration
 d - 4 chunks of flesh
 f - a royal jelly


   Skills:
 + Level 3.3 Fighting
 * Level 3.7 Dodging
 * Level 0.4 Stealth
 + Level 3.6 Unarmed Combat


You had 2 spell levels left.
You didn't know any spells.

Dungeon Overview and Level Annotations

Branches:
Dungeon (2/15)

Altars:
Gozag


Innate Abilities, Weirdness & Mutations

You cannot wear armour.
You are incapable of wielding weapons or throwing items.
Your paws allow you to move quietly. (Stealth)
You have sharp claws.
You have razor-sharp teeth.
You have supernaturally acute eyesight. (SInv)
You are carnivorous and can eat meat at any time.
You cover ground quickly.
You are covered in fur. (AC +1)
You have a slow metabolism.
Your sharp claws are effective at attacking unaware monsters.


Message History

g - a scroll labeled JUS ROFIYNIACU The goblin shouts!
The goblin unwields an uncursed dagger.
The goblin wields a hunting sling.
The goblin shoots a stone.
The stone hits you.
A goblin comes into view. It is wielding a club.
You see here a stone.
As you read the scroll labeled JUS ROFIYNIACU, it crumbles to dust.
The creatures around you are filled with an inner flame!
It was a scroll of immolation.
The goblin shoots a stone.
The stone hits you.
You see here a stone.
The goblin unwields an uncursed hunting sling.
The goblin wields an uncursed dagger.
The goblin hits you but does no damage.
The goblin shouts!
You scratch the goblin.
The goblin explodes!
The fiery explosion engulfs you!
Ouch! That really hurt!
You die...
Xom thinks this is hilarious!

#########
........###### ### #
..........##..
..####.##
####.<.......#
#ยง......#
####.......#.#
#......#
...........#.###@#
####.......#..(..####
##........(...g....#
##.........#####..#
#.#######.# #
#.#######.#
######.>.......#
........######.#
........# ....


You could see a goblin (inner flame).

Vanquished Creatures
  A leopard gecko (D:2)
  3 ball pythons
  4 goblins (D:1)
  4 hobgoblins
  3 jackals (D:2)
  2 kobolds
  3 bats (D:1)
  5 frilled lizards
  3 rats (D:1)
28 creatures vanquished.

Notes
Turn   | Place    | Note
-------+----------+-------------------------------------------
     0 | D:1      | Krakonus1 the Felid Chaos Knight began the quest for the Orb.
     0 | D:1      | Reached XP level 1. HP: 10/10 MP: 2/2
   147 | D:1      | XOM: potion effect (agility)
   163 | D:1      | Reached XP level 2. HP: 11/14 MP: 3/3
   208 | D:1      | XOM: divination: detect creatures
   260 | D:1      | XOM: harmless Necr miscast
   732 | D:2      | Found an opulent altar of Gozag.
   862 | D:2      | Reached XP level 3. HP: 16/17 MP: 4/4
   931 | D:2      | Killed from afar by a goblin

Vault maps used:
D:1:      minmay_arrival_solitary_statue
D:2:      dancing_weapons_uskayaw, lemuel_round_altar,
          kennysheep_okawaru_gauntlet, minmay_ruptured, uniq_natasha

Action                   || total
-------------------------++-------
Melee: Unarmed           ||    79
       Bite              ||     5
  Use: Scroll            ||     3
       Potion            ||     2
 Stab: Sleeping          ||     4
       Distracted        ||     1
  Eat: Chunk             ||     7
Armor: Skin              ||    15
Dodge: Dodged            ||    83
